[Event "44th Chess Olympiad Women 2022"]
[Site "Chennai"]
[Date "2022.08.02"]
[Round "5.22"]
[White "De Rycke, Tyani"]
[Black "Heinatz, Gundula"]
[Result "0-1"]
[ECO "B26"]
[WhiteElo "1994"]
[BlackElo "2196"]
[Annotator "NA RC"]
[PlyCount "94"]
[EventDate "2022.07.29"]
[EventType "team-tourn"]
[EventCountry "IND"]
[SourceTitle "playchess.com"]
[Source "ChessBase"]
[SourceQuality "1"]
[WhiteTeam "Belgium"]
[BlackTeam "Switzerland"]
[WhiteTeamCountry "BEL"]
[BlackTeamCountry "SUI"]
[TimeControl "40/5400+30:1800+30"]

1. e4 c5 2. Nc3 Nc6 3. g3 g6 4. Bg2 Bg7 5. d3 d6 6. Be3 e5 7. Qd2 Nge7 8. Bh6 Bxh6 9. Qxh6 Nd4 10. O-O-O Be6 11. f4 Qc7 12. Nh3 O-O-O 13. Ng5 Kb8 14. Rhf1 Nec6 15. Nxe6 fxe6 16. fxe5 Nxe5 17. Bh3 Qe7 18. Rf2 Rhg8 19. Rdf1 g5 20. Ne2 Nxe2+ 21. Rxe2 Rg6 22. Qh5 Qg7 23. Bxe6 Rh6 24. Rf7 Nxf7 25. Qxf7 Qxf7 26. Bxf7 Rf6 27. Bd5 Rdf8 28. Kd2 Rf2 29. Be6 h5 30. Bf5 Rxe2+ 31. Kxe2 d5 32. Bg6 dxe4 33. Bxe4 Rf6 34. b3 b5 35. a4 bxa4 36. bxa4 Ra6 37. Bd5 Rxa4 38. Bc4 Ra1 39. h3 Kc7 40. Ke3 Kd6 41. Kf3 Ke5 42. h4 gxh4 43. gxh4 a5 44. Kg3 a4 45. Kf3 a3 46. Ke3 a2 47. Kd2 Rd1+ 0-1

[Event "44th Chess Olympiad Women 2022"]
[Site "Chennai"]
[Date "2022.08.02"]
[Round "5.23"]
[White "Olde, Margareth"]
[Black "Oviedo Acosta, Paula"]
[Result "1-0"]
[ECO "A61"]
[WhiteElo "2235"]
[BlackElo "1855"]
[Annotator "NA RC"]
[PlyCount "95"]
[EventDate "2022.07.29"]
[EventType "team-tourn"]
[EventCountry "IND"]
[SourceTitle "playchess.com"]
[Source "ChessBase"]
[SourceQuality "1"]
[WhiteTeam "Estonia"]
[BlackTeam "Paraguay"]
[WhiteTeamCountry "EST"]
[BlackTeamCountry "PAR"]
[TimeControl "40/5400+30:1800+30"]

1. d4 Nf6 2. c4 c5 3. d5 e6 4. Nc3 exd5 5. cxd5 d6 6. Nf3 g6 7. Bf4 a6 8. a4 Bg7 9. h3 O-O 10. e3 Re8 11. Bd3 Qc7 12. O-O Nbd7 13. a5 Rb8 14. Nd2 Nh5 15. Bh2 Be5 16. f4 Bxc3 17. bxc3 Rxe3 18. Nc4 Re8 19. Qf3 b5 20. axb6 Nxb6 21. Nxd6 Qxd6 22. f5 Qxd5 23. Qxd5 Nxd5 24. Bxb8 Bxf5 25. Bxf5 Rxb8 26. Bd3 Rb2 27. Rf3 Ndf4 28. Bf1 Ne6 29. Rxa6 Ng5 30. Re3 Rb1 31. Ra7 Nf4 32. Re8+ Kg7 33. h4 Nge6 34. Ree7 Ne2+ 35. Kf2 Nxc3 36. Rxe6 Rb2+ 37. Kg1 Rb4 38. Re3 Nb1 39. Rf3 g5 40. Rfxf7+ Kg6 41. Bd3+ Kh5 42. Bxb1 Rxb1+ 43. Rf1 Rb2 44. hxg5 Kxg5 45. Rxh7 c4 46. Rc1 c3 47. Rxc3 Rb1+ 48. Kh2 1-0

[Event "44th Chess Olympiad Women 2022"]
[Site "Chennai"]
[Date "2022.08.02"]
[Round "5.23"]
[White "Vargas, Gabriela"]
[Black "Narva, Mai"]
[Result "1-0"]
[ECO "A46"]
[WhiteElo "2140"]
[BlackElo "2385"]
[Annotator "RC"]
[PlyCount "59"]
[EventDate "2022.07.29"]
[EventType "team-tourn"]
[EventCountry "IND"]
[SourceTitle "playchess.com"]
[Source "ChessBase"]
[SourceQuality "1"]
[WhiteTeam "Paraguay"]
[BlackTeam "Estonia"]
[WhiteTeamCountry "PAR"]
[BlackTeamCountry "EST"]
[TimeControl "40/5400+30:1800+30"]

1. d4 Nf6 2. Nf3 e6 3. Bg5 d6 4. Nbd2 h6 5. Bh4 g5 6. Bg3 Nh5 7. e4 Bg7 8. c3 O-O 9. Ng1 Nxg3 10. hxg3 Nd7 11. Bd3 b6 12. Ne2 Bb7 13. Nf1 c5 14. d5 f5 15. exf5 exf5 16. Ne3 f4 17. Ng4 Bxd5 18. Bh7+ Kxh7 19. Qd3+ Kh8 20. Nxh6 Qe8 21. Nf5+ Kg8 22. Qxd5+ Rf7 23. Nxd6 Nf6 24. Qxf7+ Qxf7 25. Nxf7 Kxf7 26. gxf4 Re8 27. fxg5 Ne4 28. O-O-O Kg6 29. Nf4+ Kxg5 30. Rd5+ 1-0

[Event "44th Chess Olympiad Women 2022"]
[Site "Chennai"]
[Date "2022.08.02"]
[Round "5.23"]
[White "Blokhin, Sofia"]
[Black "Mayeregger Gonzalez, Renata"]
[Result "1/2-1/2"]
[ECO "B01"]
[WhiteElo "1996"]
[BlackElo "1479"]
[Annotator "NA RC"]
[PlyCount "85"]
[EventDate "2022.07.29"]
[EventType "team-tourn"]
[EventCountry "IND"]
[SourceTitle "playchess.com"]
[Source "ChessBase"]
[SourceQuality "1"]
[WhiteTeam "Estonia"]
[BlackTeam "Paraguay"]
[WhiteTeamCountry "EST"]
[BlackTeamCountry "PAR"]
[TimeControl "40/5400+30:1800+30"]

1. e4 d5 2. exd5 Qxd5 3. Nc3 Qa5 4. Nf3 Nf6 5. d4 Bg4 6. h3 Bxf3 7. Qxf3 c6 8. Bd2 Nbd7 9. Bd3 Qb6 10. O-O e6 11. Ne2 Bd6 12. c4 Qd8 13. Ng3 O-O 14. Rfe1 e5 15. Nf5 Bc7 16. Bc3 Re8 17. Rad1 exd4 18. Bxd4 Ne5 19. Bxe5 Bxe5 20. Rxe5 Rxe5 21. Nxg7 Kxg7 22. Qg3+ Ng4 23. hxg4 Qe7 24. Kh2 Re8 25. Bf5 Qf6 26. Qc3 Re1 27. Rd3 Qxc3 28. Rxc3 R1e2 29. Rh3 h6 30. Rb3 Rxf2 31. Kg3 Ree2 32. Rxb7 Rxg2+ 33. Kf3 Rxb2 34. Rxa7 Rxa2 35. Rc7 Raf2+ 36. Ke4 Rxf5 37. Kxf5 Rf2+ 38. Ke5 Rf6 39. Rc8 Rg6 40. Kf4 Rd6 41. Ke5 Rg6 42. Kf4 Rf6+ 43. Ke5 1/2-1/2

[Event "44th Chess Olympiad Women 2022"]
[Site "Chennai"]
[Date "2022.08.02"]
[Round "5.23"]
[White "Perez, Dalila"]
[Black "Narva, Triin"]
[Result "1/2-1/2"]
[ECO "E69"]
[WhiteElo "1799"]
[BlackElo "2066"]
[Annotator "NA RC"]
[PlyCount "148"]
[EventDate "2022.07.29"]
[EventType "team-tourn"]
[EventCountry "IND"]
[SourceTitle "playchess.com"]
[Source "ChessBase"]
[SourceQuality "1"]
[WhiteTeam "Paraguay"]
[BlackTeam "Estonia"]
[WhiteTeamCountry "PAR"]
[BlackTeamCountry "EST"]
[TimeControl "40/5400+30:1800+30"]

1. d4 Nf6 2. c4 g6 3. Nf3 Bg7 4. Nc3 O-O 5. g3 d6 6. Bg2 Nbd7 7. O-O e5 8. e4 Re8 9. Re1 c6 10. h3 h6 11. Be3 Qe7 12. Qc2 b6 13. b4 Bb7 14. Rab1 Nh5 15. Qd2 g5 16. d5 c5 17. b5 Nf8 18. Qe2 Nf6 19. Nh2 Ng6 20. Bd2 Bc8 21. Nf1 Nh7 22. Ne3 Qf6 23. a4 Ne7 24. a5 Nf8 25. Ra1 Bd7 26. Ra2 Rab8 27. Rea1 Qg6 28. g4 Qf6 29. Nf5 Neg6 30. Qf3 Nf4 31. axb6 axb6 32. Ra7 Bc8 33. Ne2 N8g6 34. Neg3 Bf8 35. Nh5 Nxh5 36. gxh5 Bxf5 37. hxg6 fxg6 38. exf5 gxf5 39. Qh5 e4 40. Bc1 f4 41. Bb2 Qf5 42. Re1 e3 43. fxe3 Rxe3 44. Rxe3 fxe3 45. Qf3 Qb1+ 46. Kh2 Qg6 47. Qxe3 Re8 48. Qf3 h5 49. Qf6 Qxf6 50. Bxf6 g4 51. hxg4 hxg4 52. Kg3 Re2 53. Bf1 Re1 54. Ra1 Re4 55. Bd8 Bg7 56. Ra2 Be5+ 57. Kg2 g3 58. Bd3 Rf4 59. Rc2 Kf7 60. Bxb6 Ke7 61. Ba5 Rh4 62. Bf5 Rh2+ 63. Kf3 Rh1 64. Kg2 Rh2+ 65. Kf3 Rh1 66. Be6 Ra1 67. Bd2 Rf1+ 68. Kg2 Rf2+ 69. Kg1 Bf4 70. Bf5 Bxd2 71. Bh3 Kd8 72. b6 Ba5 73. Rxf2 gxf2+ 74. Kxf2 Bxb6 1/2-1/2

[Event "44th Chess Olympiad Women 2022"]
[Site "Chennai"]
[Date "2022.08.02"]
[Round "5.24"]
[White "Rogule, Laura"]
[Black "Tsolakidou, Stavroula"]
[Result "0-1"]
[ECO "D47"]
[WhiteElo "2292"]
[BlackElo "2362"]
[Annotator "RC"]
[PlyCount "86"]
[EventDate "2022.07.29"]
[EventType "team-tourn"]
[EventCountry "IND"]
[SourceTitle "playchess.com"]
[Source "ChessBase"]
[SourceQuality "1"]
[WhiteTeam "Latvia"]
[BlackTeam "Greece"]
[WhiteTeamCountry "LAT"]
[BlackTeamCountry "GRE"]
[TimeControl "40/5400+30:1800+30"]

1. d4 d5 2. c4 c6 3. Nc3 Nf6 4. Nf3 e6 5. e3 Nbd7 6. Bd3 dxc4 7. Bxc4 b5 8. Bd3 Bd6 9. Qc2 Bb7 10. Bd2 Rc8 11. a3 a5 12. O-O O-O 13. Ng5 c5 14. Bxh7+ Kh8 15. Nxb5 Bb8 16. d5 Ne5 17. dxe6 Qd5 18. e4 Qc4 19. Qxc4 Nxc4 20. e7 Nxd2 21. exf8=Q+ Rxf8 22. Rfd1 Nb3 23. Bf5 Nxa1 24. Rxa1 g6 25. Bh3 Bf4 26. Nf3 Bxe4 27. Ne1 Rd8 28. Nc3 Rd2 29. b3 Bc6 30. g3 Be5 31. Rc1 Bd4 32. Nd1 a4 33. bxa4 Bxa4 34. Ne3 Ra2 35. N1c2 Ne4 36. Nxd4 cxd4 37. Nd1 Bxd1 38. Rxd1 Nxf2 39. Rxd4 Nxh3+ 40. Kh1 g5 41. Rc4 f5 42. a4 Ra1+ 43. Kg2 g4 0-1

[Event "44th Chess Olympiad Women 2022"]
[Site "Chennai"]
[Date "2022.08.02"]
[Round "5.24"]
[White "Avramidou, Anastasia"]
[Black "Berzina, Ilze"]
[Result "1-0"]
[ECO "C60"]
[WhiteElo "2274"]
[BlackElo "2141"]
[Annotator "NA RC"]
[PlyCount "65"]
[EventDate "2022.07.29"]
[EventType "team-tourn"]
[EventCountry "IND"]
[SourceTitle "playchess.com"]
[Source "ChessBase"]
[SourceQuality "1"]
[WhiteTeam "Greece"]
[BlackTeam "Latvia"]
[WhiteTeamCountry "GRE"]
[BlackTeamCountry "LAT"]
[TimeControl "40/5400+30:1800+30"]

1. e4 e5 2. Nf3 Nc6 3. Bb5 g6 4. c3 d6 5. d4 Bd7 6. Qb3 exd4 7. cxd4 Bg7 8. O-O Nge7 9. d5 Nb8 10. Nc3 O-O 11. Bxd7 Nxd7 12. Qxb7 Nc5 13. Qb4 f5 14. e5 Nd3 15. Qh4 dxe5 16. Ng5 h5 17. Qc4 Nxc1 18. d6+ Kh8 19. dxe7 Qxe7 20. h4 Bh6 21. Raxc1 Bxg5 22. hxg5 Qxg5 23. Qxc7 Rae8 24. Rcd1 Re7 25. Rd7 Rxd7 26. Qxd7 h4 27. Qe6 e4 28. Qe5+ Kh7 29. Nxe4 Qd8 30. Nc5 Re8 31. Ne6 Qd7 32. Re1 Rc8 33. Qf6 1-0

[Event "44th Chess Olympiad Women 2022"]
[Site "Chennai"]
[Date "2022.08.02"]
[Round "5.24"]
[White "Makka, Ioulia"]
[Black "Maklakova, Nellija"]
[Result "1-0"]
[ECO "C17"]
[WhiteElo "1975"]
[BlackElo "1819"]
[Annotator "TA"]
[PlyCount "101"]
[EventDate "2022.07.29"]
[EventType "team-tourn"]
[EventCountry "IND"]
[SourceTitle "playchess.com"]
[Source "ChessBase"]
[SourceQuality "1"]
[WhiteTeam "Greece"]
[BlackTeam "Latvia"]
[WhiteTeamCountry "GRE"]
[BlackTeamCountry "LAT"]
[TimeControl "40/5400+30:1800+30"]

1. e4 e6 2. d4 d5 3. Nc3 Bb4 4. e5 c5 5. Bd2 cxd4 6. Nb5 Bc5 7. b4 {[%emt 0:27:57][%mdl 64] Deflection} Bf8 {[%emt 0:03:39] C17: French: 3 Nc3 Bb4 4 e5 c5 sidelines.} 8. Nxd4 Bd7 {[%emt 0:02:34] [#]} 9. Ngf3 $146 ({Predecessor:} 9. Qg4 Ne7 10. Ngf3 Qc7 11. Bd3 a6 12. O-O Nbc6 13. Rfe1 Qb6 14. a3 Nxd4 15. Qxd4 {1-0 (39) Schammo,J-Ciezkowsky,J Buenos Aires 1978}) 9... Nc6 {[%emt 0:02:00] White is slightly better.} 10. Nxc6 bxc6 11. Bd3 f5 (11... c5 $14) 12. h4 (12. O-O $16) 12... Qc7 13. Qe2 Ne7 (13... c5 $14) 14. c3 {[%emt 0:05:30] White is more active.} (14. O-O $142) 14... c5 $16 15. bxc5 (15. c4 $5 ) 15... Nc6 16. c4 {[%emt 0:02:01] And now cxd5 would win.} dxc4 (16... d4 $11 {remains equal.}) 17. Bxc4 Bxc5 18. O-O $1 Nd4 19. Nxd4 Bxd4 20. Rac1 $36 {[%emt 0:06:04][%cal Oc4e6][%mdl 2048] Bxe6! is the strong threat. White is in control.} Qxe5 21. Qf3 O-O (21... Qe4 $16 {keeps fighting.}) 22. Rfe1 $18 {[%emt 0:00:38][%mdl 1024] White has strong compensation.} Qd6 23. Bf4 Qb6 24. Rb1 Qa5 {[%emt 0:08:37] [#]} (24... Qc5 {is a better defense.} 25. Rec1 (25. Bxe6+ Bxe6 26. Rxe6 Rae8 $11) 25... Qe7) 25. Red1 $1 Qc5 26. Rbc1 Qb6 {[%emt 0:00:09] [#]} 27. Bc7 $1 Qb2 (27... Qxc7 28. Bxe6+) 28. Qe2 $2 ({White should try} 28. Bb3 $18 {Threatens to win with Rc2.} Bb6 29. Rc2) 28... Qxe2 $11 (28... Ba4 {looks sharper.} 29. Bxe6+ Kh8 30. Re1 Rae8) 29. Bxe2 Bb2 {[%emt 0:00:11][%mdl 8192] This move loses the game for Black.} (29... e5 $1 $11 {and Black stays safe.}) 30. Rb1 Ba4 31. Rxb2 Bxd1 32. Bxd1 Rac8 33. Bf4 Rc4 34. g3 Rd8 35. Bb3 Rc6 36. Re2 Kf7 37. Re5 h6 38. Rxf5+ Ke7 39. Ra5 a6 40. Re5 Kf6 41. Re2 g5 42. hxg5+ hxg5 43. Be3 g4 44. Re1 e5 45. Kf1 Kf5 46. Ke2 Rb8 (46... Rcc8 {was worth a try.} 47. Bd2 Rh8) 47. Rh1 $18 {[%emt 0:00:00] White is clearly winning.} a5 48. Rh5+ Ke4 49. Rg5 Rxb3 50. axb3 Rc2+ 51. Bd2 {[%emt 0:00:00] Weighted Error Value: White=0.27 (precise) /Black=0.51} 1-0

[Event "44th Chess Olympiad Women 2022"]
[Site "Chennai"]
[Date "2022.08.02"]
[Round "5.24"]
[White "Ter-Avetisjana, Agnesa Stepania"]
[Black "Pavlidou, Ekaterini"]
[Result "0-1"]
[ECO "B22"]
[WhiteElo "1962"]
[BlackElo "2138"]
[Annotator "NA RC"]
[PlyCount "82"]
[EventDate "2022.07.29"]
[EventType "team-tourn"]
[EventCountry "IND"]
[SourceTitle "playchess.com"]
[Source "ChessBase"]
[SourceQuality "1"]
[WhiteTeam "Latvia"]
[BlackTeam "Greece"]
[WhiteTeamCountry "LAT"]
[BlackTeamCountry "GRE"]
[TimeControl "40/5400+30:1800+30"]

1. e4 c5 2. c3 d5 3. exd5 Qxd5 4. d4 Nc6 5. Nf3 Bg4 6. Be2 cxd4 7. cxd4 e6 8. Nc3 Bb4 9. O-O Qa5 10. Bd2 Nge7 11. a3 Bxc3 12. bxc3 O-O 13. h3 Bh5 14. g4 Bg6 15. Nh4 Rad8 16. Nxg6 hxg6 17. Rb1 Qxa3 18. Rxb7 Nd5 19. Rb3 Qd6 20. Bc1 Qc7 21. Ba3 Rfe8 22. Bb5 Rb8 23. c4 Nf4 24. Bc1 Nxd4 25. Bxf4 Qxf4 26. Rd3 Nxb5 27. cxb5 Rxb5 28. Rd4 Qb8 29. Qa4 Rc8 30. Rfd1 Rb1 31. Rxb1 Qxb1+ 32. Kg2 Qb7+ 33. f3 Qb2+ 34. Kg3 Rc2 35. Kh4 Rg2 36. Rd8+ Kh7 37. Qd4 Qxd4 38. Rxd4 f6 39. f4 e5 40. Rd7 exf4 41. g5 fxg5# 0-1

[Event "44th Chess Olympiad Women 2022"]
[Site "Chennai"]
[Date "2022.08.02"]
[Round "5.25"]
[White "Zhang, Jilin"]
[Black "Gitu, Paula-Alexandra"]
[Result "1/2-1/2"]
[ECO "B08"]
[WhiteElo "2212"]
[BlackElo "2109"]
[Annotator "RC"]
[PlyCount "143"]
[EventDate "2022.07.29"]
[EventType "team-tourn"]
[EventCountry "IND"]
[SourceTitle "playchess.com"]
[Source "ChessBase"]
[SourceQuality "1"]
[WhiteTeam "Australia"]
[BlackTeam "Moldova"]
[WhiteTeamCountry "AUS"]
[BlackTeamCountry "MDA"]
[TimeControl "40/5400+30:1800+30"]

1. e4 d6 2. d4 Nf6 3. Nc3 g6 4. Nf3 Bg7 5. Be2 O-O 6. h3 c6 7. Bg5 Qc7 8. Qd2 Nbd7 9. Bh6 b5 10. a3 a5 11. Bxg7 Kxg7 12. O-O Bb7 13. b4 Rfd8 14. Qe3 e5 15. Bd3 Re8 16. dxe5 dxe5 17. Rfd1 Nf8 18. Ne2 Qe7 19. c3 Rec8 20. Qg5 Re8 21. Ng3 Bc8 22. Qe3 N6d7 23. Bc2 Ne6 24. Bb3 f6 25. Ne1 Nf4 26. Nd3 Nxd3 27. Qxd3 Nf8 28. Qd6 Be6 29. Bxe6 Qxe6 30. Qc7+ Re7 31. Qb6 axb4 32. cxb4 Raa7 33. Rac1 Rac7 34. Rd8 Red7 35. Qb8 Qe7 36. Re8 Qf7 37. Rc8 Rxc8 38. Qxc8 Rc7 39. Qg4 Kh8 40. f4 Qd7 41. Qh4 Qd4+ 42. Kh1 exf4 43. Qxf4 Ne6 44. Qg4 Qe5 45. Nf1 Ng5 46. Qg3 Nxe4 47. Qxe5 fxe5 48. Re1 Nf2+ 49. Kg1 Nd3 50. Re3 Rd7 51. Nh2 Kg7 52. Ng4 Rd5 53. Nf2 Nxf2 54. Kxf2 Kf6 55. Rc3 Rd6 56. Ke3 Ke7 57. Rc2 Kd7 58. Rf2 Ke6 59. Rc2 Ke7 60. Ke4 Ke6 61. Ke3 Kd7 62. Rf2 h6 63. Rf8 Ke6 64. g4 Kd5 65. h4 Ke6 66. Rc8 Kd7 67. Rg8 Ke7 68. Rc8 Kf6 69. Rf8+ Ke6 70. Rc8 Kf6 71. Rf8+ Ke6 72. Ke4 1/2-1/2

[Event "44th Chess Olympiad Women 2022"]
[Site "Chennai"]
[Date "2022.08.02"]
[Round "5.25"]
[White "Nguyen, Thu Giang"]
[Black "Petricenco, Ana"]
[Result "1-0"]
[ECO "B18"]
[WhiteElo "2119"]
[BlackElo "1912"]
[Annotator "NA RC"]
[PlyCount "117"]
[EventDate "2022.07.29"]
[EventType "team-tourn"]
[EventCountry "IND"]
[SourceTitle "playchess.com"]
[Source "ChessBase"]
[SourceQuality "1"]
[WhiteTeam "Australia"]
[BlackTeam "Moldova"]
[WhiteTeamCountry "AUS"]
[BlackTeamCountry "MDA"]
[TimeControl "40/5400+30:1800+30"]

1. e4 c6 2. d4 d5 3. Nc3 dxe4 4. Nxe4 Bf5 5. Ng3 Bg6 6. Nh3 Nf6 7. Bc4 e6 8. Nf4 Bd6 9. O-O O-O 10. c3 Nbd7 11. Nxg6 hxg6 12. Bb3 Nb6 13. Bg5 Qd7 14. Qf3 Be7 15. Rfd1 Nfd5 16. Bd2 a5 17. a3 a4 18. Ba2 Nf6 19. c4 Rfd8 20. Bc3 Nh7 21. h3 Nf6 22. Nf1 Qc7 23. Ne3 Nh5 24. g3 Nf6 25. Rd2 Nh7 26. Rad1 Ng5 27. Qg2 Bf6 28. Ng4 Nh7 29. h4 Be7 30. Ne5 Bf6 31. f4 Nf8 32. Qe4 Nfd7 33. Re1 Re8 34. Rh2 Rad8 35. h5 g5 36. h6 Bxe5 37. fxe5 g6 38. Qf3 g4 39. Qxg4 Nf8 40. Bb4 Nh7 41. Bd6 Qd7 42. Rf1 Nc8 43. c5 Ne7 44. Bb1 Nf5 45. Rf3 Kh8 46. Qf4 Kg8 47. Kg2 b6 48. Kg1 bxc5 49. dxc5 Qa7 50. Bxf5 exf5 51. Rhf2 Rd7 52. g4 fxg4 53. Qxg4 Kh8 54. Rf4 Qb7 55. Rb4 Qa7 56. Rxa4 Qb7 57. Rb4 Qa7 58. e6 fxe6 59. Be5+ 1-0

[Event "44th Chess Olympiad Women 2022"]
[Site "Chennai"]
[Date "2022.08.02"]
[Round "5.25"]
[White "Verbin, Valentina"]
[Black "Ryjanova, Julia"]
[Result "0-1"]
[ECO "B12"]
[WhiteElo "2069"]
[BlackElo "2284"]
[Annotator "RC"]
[PlyCount "110"]
[EventDate "2022.07.29"]
[EventType "team-tourn"]
[EventCountry "IND"]
[SourceTitle "playchess.com"]
[Source "ChessBase"]
[SourceQuality "1"]
[WhiteTeam "Moldova"]
[BlackTeam "Australia"]
[WhiteTeamCountry "MDA"]
[BlackTeamCountry "AUS"]
[TimeControl "40/5400+30:1800+30"]

1. e4 c6 2. d4 d5 3. e5 Bf5 4. Nf3 e6 5. Be2 Nd7 6. O-O h6 7. a4 a5 8. b3 Ne7 9. Na3 Ng6 10. c3 f6 11. Bd3 Bxd3 12. Qxd3 Kf7 13. Re1 fxe5 14. Nxe5+ Ngxe5 15. dxe5 Bc5 16. Qf3+ Kg8 17. Qh3 Qe7 18. Nc2 Re8 19. Be3 Kh7 20. Bxc5 Nxc5 21. b4 axb4 22. cxb4 Nd7 23. Qd3+ g6 24. f4 Rhf8 25. g3 Kg7 26. Kg2 Rc8 27. Nd4 Qf7 28. Qf3 Rfe8 29. a5 Nb8 30. Rab1 Re7 31. g4 Rf8 32. Rf1 Qe8 33. Qg3 Kh7 34. h4 Nd7 35. Qd3 Kg8 36. Kh2 Rg7 37. Qe3 Rgf7 38. Kg3 Rg7 39. Kh3 Kh7 40. Qd3 Kh8 41. Rbe1 c5 42. bxc5 Nxc5 43. Qa3 Qe7 44. Rb1 h5 45. Rb5 hxg4+ 46. Kxg4 Rh7 47. Rh1 Rxf4+ 48. Kxf4 Rxh4+ 49. Kf3 Rxh1 50. Qxc5 Qf7+ 51. Ke3 Rh3+ 52. Kd2 Qf4+ 53. Ke2 Rh2+ 54. Ke1 Qd2+ 55. Kf1 Qf2# 0-1

[Event "44th Chess Olympiad Women 2022"]
[Site "Chennai"]
[Date "2022.08.02"]
[Round "5.25"]
[White "Petrenko, Svetlana"]
[Black "Phan, Nguyen Mai Chi"]
[Result "1/2-1/2"]
[ECO "D12"]
[WhiteElo "2029"]
[BlackElo "2139"]
[Annotator "NA RC"]
[PlyCount "119"]
[EventDate "2022.07.29"]
[EventType "team-tourn"]
[EventCountry "IND"]
[SourceTitle "playchess.com"]
[Source "ChessBase"]
[SourceQuality "1"]
[WhiteTeam "Moldova"]
[BlackTeam "Australia"]
[WhiteTeamCountry "MDA"]
[BlackTeamCountry "AUS"]
[TimeControl "40/5400+30:1800+30"]

1. Nf3 d5 2. b3 c6 3. Bb2 Bf5 4. e3 e6 5. c4 Nd7 6. d4 h6 7. Nc3 Ngf6 8. Bd3 Bxd3 9. Qxd3 Bd6 10. O-O O-O 11. e4 dxe4 12. Nxe4 Nxe4 13. Qxe4 Nf6 14. Qh4 Qe7 15. Rad1 a5 16. a4 Rfd8 17. Rfe1 Ba3 18. Ba1 Bb4 19. Re3 Rac8 20. Red3 Kf8 21. Ne5 Nd7 22. Nxd7+ Rxd7 23. Qg4 Qg5 24. Qe4 Qf5 25. Qe2 Bd6 26. Bc3 Bc7 27. Rf3 Qh5 28. h3 Qg6 29. h4 Kg8 30. g3 Rcd8 31. Re1 Qg4 32. Re3 Qxe2 33. R1xe2 b5 34. axb5 cxb5 35. c5 b4 36. Bb2 Rxd4 37. Bxd4 Rxd4 38. Kg2 Kf8 39. Re4 Rd3 40. R2e3 Rd5 41. Rc4 Ke7 42. Ree4 e5 43. g4 Kd7 44. g5 h5 45. f4 Kc6 46. fxe5 Bxe5 47. Re3 f6 48. Kf3 Rd7 49. Ke4 Rb7 50. Kf5 a4 51. bxa4 b3 52. Re1 b2 53. Rb1 Rb3 54. Rc2 Rb4 55. a5 Rxh4 56. Rbxb2 Rf4+ 57. Kg6 Bxb2 58. Rxb2 Ra4 59. gxf6 gxf6 60. Kxh5 1/2-1/2

[Event "44th Chess Olympiad Women 2022"]
[Site "Chennai"]
[Date "2022.08.02"]
[Round "5.26"]
[White "Mona, Khaled"]
[Black "Ramirez, Maria Eugenia"]
[Result "0-1"]
[ECO "A47"]
[WhiteElo "2127"]
[BlackElo "2005"]
[Annotator "NA RC"]
[PlyCount "110"]
[EventDate "2022.07.29"]
[EventType "team-tourn"]
[EventCountry "IND"]
[SourceTitle "playchess.com"]
[Source "ChessBase"]
[SourceQuality "1"]
[WhiteTeam "Egypt"]
[BlackTeam "Bolivia"]
[WhiteTeamCountry "EGY"]
[BlackTeamCountry "BOL"]
[TimeControl "40/5400+30:1800+30"]

1. d4 Nf6 2. Nf3 e6 3. e3 c5 4. Bd3 Be7 5. O-O Nc6 6. a3 O-O 7. b3 b6 8. Bb2 Bb7 9. Nbd2 Ne8 10. Qe2 d6 11. c4 Bf6 12. Ne4 Be7 13. Rad1 cxd4 14. exd4 d5 15. Ng3 g6 16. cxd5 exd5 17. Ne5 Ng7 18. Rfe1 Bg5 19. Bb1 f5 20. b4 f4 21. Ne4 f3 22. Nxf3 dxe4 23. Bxe4 Rc8 24. d5 Nb8 25. d6 Bc6 26. Bxc6 Rxc6 27. Bxg7 Kxg7 28. Nd4 Rxd6 29. Qe5+ Qf6 30. Nf5+ gxf5 31. Qxd6 Qxd6 32. Rxd6 Bf6 33. f4 Rf7 34. Red1 Be7 35. Re6 Bf6 36. Rd5 Bb2 37. Re3 Nc6 38. Rg3+ Kf8 39. Rd2 Bd4+ 40. Kf1 Bf6 41. Rd5 Be7 42. Rc3 Rf6 43. b5 Na5 44. Rd7 Re6 45. Rxa7 Re4 46. g3 Nc4 47. a4 h5 48. Rd3 h4 49. Kf2 h3 50. Rdd7 Bc5+ 51. Kf1 Ke8 52. Rac7 Ne3+ 53. Ke2 Nd5+ 54. Kd3 Rd4+ 55. Kc2 Ne3+ 0-1

[Event "44th Chess Olympiad Women 2022"]
[Site "Chennai"]
[Date "2022.08.02"]
[Round "5.26"]
[White "Wafa, Shahenda"]
[Black "Coro, Soledad"]
[Result "1-0"]
[ECO "C42"]
[WhiteElo "2115"]
[BlackElo "1623"]
[Annotator "NA RC"]
[PlyCount "67"]
[EventDate "2022.07.29"]
[EventType "team-tourn"]
[EventCountry "IND"]
[SourceTitle "playchess.com"]
[Source "ChessBase"]
[SourceQuality "1"]
[WhiteTeam "Egypt"]
[BlackTeam "Bolivia"]
[WhiteTeamCountry "EGY"]
[BlackTeamCountry "BOL"]
[TimeControl "40/5400+30:1800+30"]

1. e4 e5 2. Nf3 Nf6 3. Nxe5 d6 4. Nf3 Nxe4 5. Nc3 Nxc3 6. dxc3 Be7 7. Be3 Nc6 8. Qd2 Bg4 9. Be2 Qd7 10. h3 Bxf3 11. Bxf3 a6 12. O-O-O O-O-O 13. Qd5 Kb8 14. Qxf7 Ne5 15. Qxg7 Rdg8 16. Qxe5 h6 17. Qe4 c6 18. Qd4 b5 19. Qb6+ Qb7 20. Bxc6 Qxb6 21. Bxb6 Rc8 22. Bd5 Bg5+ 23. Kb1 Rhf8 24. h4 Bd8 25. Be3 h5 26. a4 bxa4 27. Rd4 Ba5 28. Rxa4 Bxc3 29. bxc3 Rxc3 30. Rxa6 Kc7 31. Ra7+ Kd8 32. Bg5+ Ke8 33. Re1+ Re3 34. Bc6# 1-0

[Event "44th Chess Olympiad Women 2022"]
[Site "Chennai"]
[Date "2022.08.02"]
[Round "5.26"]
[White "Cordero, Daniela"]
[Black "Wafa, Shrook"]
[Result "0-1"]
[ECO "D41"]
[WhiteElo "2005"]
[BlackElo "2141"]
[Annotator "NA RC"]
[PlyCount "90"]
[EventDate "2022.07.29"]
[EventType "team-tourn"]
[EventCountry "IND"]
[SourceTitle "playchess.com"]
[Source "ChessBase"]
[SourceQuality "1"]
[WhiteTeam "Bolivia"]
[BlackTeam "Egypt"]
[WhiteTeamCountry "BOL"]
[BlackTeamCountry "EGY"]
[TimeControl "40/5400+30:1800+30"]

1. d4 d5 2. Nf3 Nf6 3. c4 e6 4. g3 Be7 5. Bg2 O-O 6. O-O c5 7. cxd5 Nxd5 8. e4 Nf6 9. Nc3 Nc6 10. dxc5 Qa5 11. Be3 Ng4 12. Bg5 Bxc5 13. Na4 h6 14. Nxc5 Qxc5 15. Bd2 e5 16. Rc1 Qb6 17. Bc3 Rd8 18. Qe1 Qb5 19. h3 Nf6 20. a4 Qxa4 21. Nxe5 Nd4 22. Kh2 Be6 23. f4 Nb3 24. Rb1 Nc5 25. b4 Nd3 26. Nxd3 Rxd3 27. Bxf6 gxf6 28. Rf3 Rxf3 29. Bxf3 Qc2+ 30. Bg2 Rd8 31. Rc1 Qb2 32. Rd1 Rxd1 33. Qxd1 Qxb4 34. Qh5 Kh7 35. f5 Bb3 36. e5 Qe7 37. e6 a5 38. Qf3 a4 39. Qe3 fxe6 40. fxe6 Qxe6 41. Qd3+ Kg7 42. Bxb7 a3 43. Bc8 Bc4 44. Bxe6 Bxd3 45. Ba2 Bg6 0-1